 Dungeon Crawl Stone Soup version 0.30-a0-578-gdee14c521f (webtiles) character file.

Game seed: 7909505282278469183

42 rsvaco the Covered (level 3, -1/30 HPs)
             Began as a Demigod Fighter on Dec 31, 2022.
             Slain by Terence
             ... wielding a +0 flail
              (4 damage)
             ... on level 3 of the Dungeon.
             The game lasted 00:01:33 (772 turns).

rsvaco the Covered (Demigod Fighter)                 Turns: 772, Time: 00:01:34

Health: -1/30      AC:  7    Str: 21    XL:     3   Next: 19%
Magic:  5/5        EV:  9    Int: 10    God:
Gold:   39         SH:  4    Dex: 13    Spells: 2/2 levels left

rFire   . . .      SeeInvis .    a - +0 long sword
rCold   . . .      Faith    .    c - +0 buckler
rNeg    . . .      Spirit   .    b - +0 scale mail
rPois   .          Reflect  .    (no helmet)
rElec   .          Harm     .    i - +0 cloak
rCorr   .          Rampage  .    (no gloves)
Will    .....                    (no boots) Stlth
                                 (no amulet)
HPRegen 0.25/turn                (no ring)
MPRegen 0.09/turn                (no ring)

@: mighty, studying Fire Magic
A: high MP 1, forlorn, divine attributes
a: no special abilities


You were on level 3 of the Dungeon.
You visited 1 branch of the dungeon, and saw 3 of its levels.

You collected 39 gold pieces.

Inventory:

Hand Weapons
 a - a +0 long sword (weapon)
Armour
 b - a +0 scale mail (worn)
 c - a +0 buckler (worn)
 i - a +0 cloak (worn)
Scrolls
 e - 2 scrolls of identify {unknown}
 g - a scroll of teleportation {unknown}
Potions
 d - a potion of might
 f - a potion of curing {unknown}
 h - a potion of attraction {unknown}


   Skills:
 + Level 2.9 Fighting
 + Level 2.3 Long Blades
 + Level 3.1 Armour
 + Level 0.3 Dodging
 + Level 3.0 Shields


You had 2 spell levels left.
You didn't know any spells.
Your spell library was empty.

Dungeon Overview and Level Annotations

Branches:
Dungeon (3/15)

Annotations:
D:3 Terence


Innate Abilities, Weirdness & Mutations

You have an increased reservoir of magic. (+10% MP)
You shall have no god before yourself.
Your divine heritage dramatically boosts your attributes as you level up.


Message History

You barely miss the quokka.
The quokka bites you but does no damage.
You slash the quokka!
You kill the quokka!
No target in view!
No target in view!
No target in view!
Found ice dragon scales.
You see here a quokka corpse.
A giant cockroach comes into view.
Terence the Incautious comes into view.
He is wielding a +0 flail, wearing a +1 scale mail of positive energy and carrying a wand of light (11).
Terence shouts!
You hit the giant cockroach but do no damage.
The giant cockroach closely misses you.
You hit the giant cockroach.
You kill the giant cockroach!
You slash Terence!
Terence is moderately wounded.
Terence zaps a wand.
The bolt of light hits you!!
Ouch! That really hurt!
* * * LOW HITPOINT WARNING * * *
You are too injured to fight recklessly!
You are too injured to fight recklessly!
You are too injured to fight recklessly!
You feel very mighty all of a sudden.
Terence zaps a wand.
The bolt of light hits you.
* * * LOW HITPOINT WARNING * * *
You hit Terence.
Terence is severely wounded.
Terence hits you but does no damage.
You barely miss Terence.
Terence is severely wounded.
Terence shouts, "Get ready for death!"
Terence zaps a wand.
The bolt of light misses you.
Terence shouts, "DIE!!!"
You block Terence's attack.
You hit Terence.
Terence is severely wounded.
Terence hits you with a +0 flail.
You die...

##.# .... #..#
#..### # #....#
#.#[...#
####.#.†..#####
......@@.......
##...#....#$### #
... #....#.. .. #
#....#.####...
#....#........
...####.†..#.#......
...........†<.......
########....##......
................


You could see Terence.

Vanquished Creatures
  A gnoll (D:1)
  A dart slug (D:2)
  3 ball pythons
  2 endoplasms
  A giant cockroach (D:3)
  3 goblins (D:1)
  4 hobgoblins
  3 quokkas
  3 bats (D:1)
  2 frilled lizards
  5 kobolds
  A rat (D:2)
29 creatures vanquished.

Notes
Turn   | Place    | Note
-------+----------+-------------------------------------------
     0 | D:1      | rsvaco the Demigod Fighter began the quest for the Orb.
     0 | D:1      | Reached XP level 1. HP: 18/18 MP: 3/3
     6 | D:1      | Noticed a four-headed hydra
    93 | D:1      | Reached XP level 2. HP: 25/25 MP: 4/4
   477 | D:2      | Reached XP level 3. HP: 30/30 MP: 5/5
   765 | D:3      | Noticed Terence
   772 | D:3      | Slain by Terence

Illustrated notes

Levels and vault maps discovered:
D:1:      sevenhm_arrival_forest_fort_small_2, layout_basic, st_stairs_12,
          minmay_tetromino_o2
D:2:      layout_loops_ring, ebering_ecumenical_altar_mist,
          uniq_crazy_yiuf_cottage
D:3:      layout_basic, minmay_overflow_temple_star_quad, grunt_decor_cap,
          nicolae_elevator_lobby_plus, uniq_robin, uniq_terence, uniq_grinder

Skill      XL: |  1  2 |
---------------+-------+-----
Armour         | 3 |  3.1
Long Blades    | 2 |  2.3
Shields        | 3 |  3.0
Fighting       | |  2.9
Dodging        | |  0.3

Action                   || total
-------------------------++-------
Melee: Long sword        ||    80
  Use: Potion            ||     1
Armor: Scale mail        ||    39
Dodge: Dodged            ||    31
Block: Buckler           ||    27

Table legend: (Time is in decaauts)
 A = Elapsed time spent in this place.
 B = Non-inter-level travel time spent in this place.
 C = Inter-level travel time spent in this place.
 D = Time resting spent in this place.
 E = Time spent auto-exploring this place.
 F = Levels seen in this place.
 G = Mean time per level.
                   A        B        C        D        E       F      G
               +--------+--------+--------+--------+--------+-----+--------+
         Total |    797 |    786 |     11 |      0 |    556 |   3 |  265.7 |
       Dungeon |    797 |    786 |     11 |      0 |    556 |   3 |  265.7 |
               +--------+--------+--------+--------+--------+-----+--------+

Top non-repeatable levels by time:
     D:1: 395 daAuts
     D:2: 369 daAuts
     D:3: 32 daAuts
